 Dungeon Crawl Stone Soup version 0.31-a0-271-gb88eb75e06 (webtiles) character file.

Game seed: 490276276937417804

170 LeprechaunX the Changeling (level 5, -2/36 HPs)
             Began as an Octopode Shapeshifter on July 14, 2023.
             Slain by an ice beast (7 damage)
             ... on level 2 of the Dungeon.
             The game lasted 00:02:38 (1647 turns).

LeprechaunX the Changeling (Octopode Shapeshifter)  Turns: 1647, Time: 00:02:38

Health: -2/36      AC:  1    Str: 15    XL:     5   Next: 50%
Magic:  5/5        EV: 13    Int: 10    God:
Gold:   80         SH:  0    Dex: 14    Spells: 4/4 levels left

rFire   . . .        h - +2 whip (venom)
rCold   . . .        (no shield)
rNeg    . . .        (helmet currently unavailable)
rPois   .            (no amulet)
rElec   .            (no ring)
rCorr   .            (no ring)
SInv    .            (no ring)
Will    .....        (no ring)
Stlth   ++           (no ring)
HPRegen 0.26/turn    (no ring)
MPRegen 0.09/turn    (no ring)
                     (no ring)

%: no passive effects
@: beast-form
A: beast (slay +3), almost no armour, amphibious, 8 rings, camouflage 1,
gelatinous body 1, (nimble swimmer 1), tentacles
a: Begin Untransformation


You were on level 2 of the Dungeon.
You were a hulking beast.
You visited 1 branch of the dungeon, and saw 3 of its levels.

You collected 80 gold pieces.

Inventory:

Hand Weapons
 h - a +2 whip of venom (weapon)
Missiles
 i - 6 poisoned darts (quivered)
Jewellery
 d - an amulet of reflection
Talismans
 b - a beast talisman
Scrolls
 c - 2 scrolls of identify {unknown}
 f - a scroll of teleportation {unknown}
 g - a scroll of fear {unknown}
Potions
 a - a potion of resistance {unknown}
 e - 2 potions of enlightenment {unknown}


   Skills:
 + Level 3.2 Fighting
 - Level 2.0 Dodging
 + Level 3.2 Unarmed Combat
 * Level 4.3 Shapeshifting


You had 4 spell levels left.
You didn't know any spells.
Your spell library contained the following spells:

 Spells                   Type           Power      Damage    Failure   Level
 Sting                    Tmut/Pois      0%         1d3       36%         1
 Poisonous Vapours        Pois/Air       0%         N/A       50%         2
 Olgreb's Toxic Radiance  Pois           0%         N/A       98%         4


Dungeon Overview and Level Annotations

Branches:
Dungeon (3/15)

Altars:

Shops:
D:1 ?


Innate Abilities, Weirdness & Mutations

You are a hulking beast.
Your limbs bulge with bestial killing power. (Slay +3)
You cannot wear most types of armour.
You are amphibious.
You can wear up to eight rings at the same time.
Your skin changes colour to match your surroundings (Stealth+).
Your rubbery body absorbs attacks. (AC +1, EV +1)
((You are camouflaged when in or above water. (Stealth+)))
You have tentacles for arms and can constrict up to eight enemies at once.


Message History

The ice beast is moderately wounded.
The kobold closely misses you. The ice beast barely misses you.
You completely miss the ice beast.
The ice beast is moderately wounded.
The ice beast misses you. The kobold hits you with a +0 club.
You are too injured to fight recklessly!
You are too injured to fight recklessly!
You are too injured to fight recklessly!
You are too injured to fight recklessly!
You are too injured to fight recklessly!
You are too injured to fight recklessly!
You are too injured to fight recklessly!
You are too injured to fight recklessly!
You are too injured to fight recklessly!
Unknown command.
The ice beast attacks as you move away! The ice beast barely misses you.
There is a stone staircase leading up here.
The ice beast hits you but does no damage.
You climb upwards.
There is a stone staircase leading down here.
You hit the ice beast. You squeeze the ice beast!
The ice beast is severely wounded.
The ice beast closely misses you. x2
You hit the ice beast.
The ice beast is almost dead.
The ice beast misses you.
You hit the ice beast.
The ice beast is almost dead.
The ice beast closely misses you.
You hit the ice beast but do no damage.
The ice beast is poisoned.
Your squeeze misses the ice beast.
The ice beast is almost dead.
The ice beast hits you. The ice beast freezes you!
* * * LOW HITPOINT WARNING * * *
You closely miss the ice beast.
The ice beast is almost dead.
The ice beast hits you.
* * * LOW HITPOINT WARNING * * *
The ice beast freezes you!
You die...

###.##..............#
##...##.............#
#..~..#)............#
..~~~...............#
#..~..#..)..........#
##...###'############
###.## #.#
###.####.#########
...............Yh#
########.#########
###.# ##...# #..###
##.## ## #..# .###◑##
.##..#


You could see an ice beast (very poisoned).

Vanquished Creatures
  Jessica (D:2)
  Natasha (thrice) (D:2)
  2 adders
  A worm (D:2)
  A ball python (D:2)
  7 bats
  6 endoplasms (D:1)
  3 giant cockroaches
  4 goblins
  3 hobgoblins
  6 kobolds
  3 quokkas
  2 frilled lizards
  7 rats
49 creatures vanquished.

Notes
Turn   | Place    | Note
-------+----------+-------------------------------------------
     0 | D:1      | LeprechaunX the Octopode Shapeshifter began the quest for
                  | the Orb.
     0 | D:1      | Reached XP level 1. HP: 14/14 MP: 1/1
   263 | D:1      | Reached XP level 2. HP: 17/19 MP: 2/2
   557 | D:1      | Found The Oracle's Delphic Readings.
   618 | D:1      | Found a faded altar of an unknown god.
   624 | D:1      | Reached XP level 3. HP: 16/25 MP: 3/3
   803 | D:2      | Noticed Natasha
   815 | D:2      | Killed Natasha
   816 | D:2      | Reached XP level 4. HP: 18/30 MP: 4/4
  1113 | D:2      | Noticed Natasha
  1137 | D:2      | Killed Natasha
  1180 | D:2      | Noticed Natasha
  1187 | D:2      | Killed Natasha
  1188 | D:2      | Reached skill level 4 in Shapeshifting
  1188 | D:2      | Reached XP level 5. HP: 20/36 MP: 5/5
  1258 | D:2      | Noticed Jessica
  1261 | D:2      | Killed Jessica
  1627 | D:3      | Noticed an ice beast
  1647 | D:2      | Slain by an ice beast

Illustrated notes

Levels and vault maps discovered:
D:1:      minmay_arrival_doors, layout_loops_ring,
          hellmonk_ecumenical_altar_arch_garden, minmay_misc_feat_rugged,
          nicolae_nh_oracle_at_delphi
D:2:      layout_basic, amcnicky_mini_pool_small, uniq_jessica, uniq_natasha
D:3:      lemuel_castle_with_subvaults [lemuel_castle_interior_carwin_3],
          layout_basic, kennysheep_nondescript, minmay_misc_feat_ornament,
          minmay_surrounded

Skill      XL: |  1  2  3  4 |
---------------+-------------+-----
Fighting       | 3 |  3.2
Unarmed Combat | 3 |  3.2
Shapeshifting  | 4 |  4.3
Dodging        | |  2.0

Action                     |  1- 3 |  4- 6 || total
---------------------------+-------+-------++-------
  Melee: Unarmed           |    49 |    37 ||    86
         Tentacles         |    11 |     8 ||    19
         Constrict         |     9 |    12 ||    21
         Punch             |     1 |     2 ||     3
         Whip              |       |    14 ||    14
    Use: Potion            |     1 |       ||     1
   Stab: Sleeping          |     9 |     4 ||    13
 Armour: Skin              |     2 |     4 ||     6
  Dodge: Dodged            |    18 |    34 ||    52

Table legend: (Time is in decaauts)
 A = Elapsed time spent in this place.
 B = Non-inter-level travel time spent in this place.
 C = Inter-level travel time spent in this place.
 D = Time resting spent in this place.
 E = Time spent auto-exploring this place.
 F = Levels seen in this place.
 G = Mean time per level.
                   A        B        C        D        E       F      G
               +--------+--------+--------+--------+--------+-----+--------+
         Total |   1651 |   1560 |     91 |     76 |   1167 |   3 |  550.3 |
       Dungeon |   1651 |   1560 |     91 |     76 |   1167 |   3 |  550.3 |
               +--------+--------+--------+--------+--------+-----+--------+

Top non-repeatable levels by time:
     D:2: 848 daAuts
     D:1: 776 daAuts
     D:3: 26 daAuts
